 Dungeon Crawl Stone Soup version 0.31-a0-691-g409c26aa35 (webtiles) character file.

Game seed: 4741513438809131474

26077 Joey1 the Severer (level 12, 0/124 HPs)
             Began as a Minotaur Berserker on Sept 6, 2023.
             Was a High Priest of Trog.
             Shot with an arrow by Nessos (1 damage)
             ... on level 3 of the Lair of Beasts.
             The game lasted 00:31:14 (9947 turns).

Joey1 the Severer (Minotaur Berserker)              Turns: 9947, Time: 00:31:15

Health: 0/124      AC: 17    Str: 27    XL:     12   Next: 95%
Magic:  11/11      EV: 14    Int:  4    God:    Trog [*****.]
Gold:   508        SH:  5    Dex: 10    Spells: 11/11 levels left

rFire   + . .        P - +2 war axe (flame)
rCold   . . .        (no shield)
rNeg    + . .        J - +0 plate armour
rPois   .            W - +1 hat {SInv}
rElec   .            O - +1 cloak {rCorr}
rCorr   +            (no gloves)
SInv    +            E - +0 pair of boots of an ossuary {rF+ Regen+}
Will    .....        e - amulet of reflection Stlth
                     i - ring of positive energy
HPRegen 1.20/turn    g - +5 ring of evasion
MPRegen 0.12/turn

%: reflection
@: lethally poisoned (0 -> -36), slowed, very slow
A: horns 2, retaliatory headbutt
a: Renounce Religion, Berserk, Trog's Hand, Brothers in Arms


You were on level 3 of the Lair of Beasts.
You worshipped Trog.
Trog was extremely pleased with you.
You visited 2 branches of the dungeon, and saw 12 of its levels.

You collected 764 gold pieces.
You spent 256 gold pieces at shops.

Inventory:

Hand Weapons
 a - a +0 hand axe
 I - a +0 hand axe of freezing
 P - a +2 war axe of flaming (weapon)
 T - a +2 vampiric broad axe
Missiles
 n - 13 boomerangs (quivered)
 o - 2 atropa-tipped darts
 V - 5 curare-tipped darts
Armour
 b - a +0 animal skin
 c - a +0 leather armour
 h - a +0 ring mail
 j - a scarf of shadows
 k - a +0 pair of boots
 p - a +0 scale mail
 y - a +0 chain mail
 C - the +0 leather armour "Ypev" {Will+}
   (You found it on level 6 of the Dungeon)

   Will+:     It increases your willpower.
 E - the +0 pair of boots of an ossuary (worn) {rF+ Regen+}
   (You found it on level 6 of the Dungeon)

   rF+:       It protects you from fire.
   Regen+:    It increases your rate of health regeneration.
 J - a +0 plate armour (worn)
 O - a +1 cloak of preservation (worn)
 U - a +1 chain mail of willpower
 W - a +1 hat of see invisible (worn)
Jewellery
 e - an amulet of reflection (around neck)
 g - a +5 ring of evasion (right hand)
 i - a ring of positive energy (left hand)
 t - an amulet of guardian spirit
 N - a +6 ring of intelligence
 R - an amulet of the acrobat
 S - an amulet of faith
Wands
 u - a wand of flame (14)
 v - a wand of paralysis (15)
 K - a wand of iceblast (19)
 M - a wand of mindburst (6)
Scrolls
 d - 2 scrolls of revelation
 f - 4 scrolls of noise
 q - 2 scrolls of teleportation
 r - a scroll of silence {unknown}
 B - a scroll of blinking {unknown}
 G - a scroll of vulnerability {unknown}
 H - a scroll of fog {unknown}
 L - 2 scrolls of fear {unknown}
 X - a scroll of identify
Potions
 l - a potion of heal wounds
 m - 4 potions of lignification
 s - 2 potions of ambrosia
 w - 2 potions of curing {unknown}
 x - 2 potions of degeneration {unknown}
 z - a potion of cancellation {unknown}
 A - a potion of might {unknown}
 D - a potion of mutation {unknown}
 F - 3 potions of haste {unknown}
 Q - a potion of resistance {unknown}
 Y - a potion of attraction {unknown}


   Skills:
 + Level 16.7 Fighting
 - Level 18.0 Axes
 - Level 7.0 Armour
 - Level 7.0 Dodging


You had 11 spell levels left.
You didn't know any spells.
Your spell library was empty.

Dungeon Overview and Level Annotations

Branches:
Dungeon (9/15)             Temple (0/1) D:5            Lair (3/5) D:9
 Shoals (0/4) Lair:2
  Snake: Lair:2-3    Spider: Lair:2-3       Orc: D:9-12

Altars:
Ru

Shops:
D:7 :   D:8 =   D:9 :(

Annotations:
D:4 1 runed translucent door, Crazy Yiuf
D:9 2 runed translucent doors, exclusion: door
Lair:3 Nessos


Innate Abilities, Weirdness & Mutations

You have a pair of horns on your head.
You reflexively headbutt those who attack you in melee.


Message History

The arrow hits you!
You are more poisoned.
Nessos shouts, "I'm half human!
Half horse!
And all stone-cold KILLER!"
Nessos shoots an arrow.
The arrow hits you!
* * * LOW HITPOINT WARNING * * *
The arrow burns you.
You are more poisoned.
* * * LOW HITPOINT WARNING * * *
You feel extremely sick.
Nessos mumbles some strange words.
Nessos blinks!
Nessos shoots an arrow.
The arrow hits you!!
* * * LOW HITPOINT WARNING * * *
The arrow burns you.
You are lethally poisoned!
* * * LOW HITPOINT WARNING * * *
Nessos shoots an arrow.
You block the arrow with an invisible shield... and reflect it back!
The arrow hits Nessos!
The arrow burns Nessos.
Nessos looks as sick as possible!
You feel much better.
You feel extremely sick.
Nessos casts a spell.
Nessos blinks!
Nessos shoots an arrow.
The arrow hits you!
* * * LOW HITPOINT WARNING * * *
The arrow burns you.
You are lethally poisoned!
* * * LOW HITPOINT WARNING * * *
Nessos shoots an arrow.
The arrow hits you!
* * * LOW HITPOINT WARNING * * *
The arrow burns you.
You are more poisoned.
* * * LOW HITPOINT WARNING * * *
You feel much better.
* * * LOW HITPOINT WARNING * * *
You feel extremely sick.
A nearby fungus withers and dies.
Nessos shoots an arrow.
The arrow hits you.
* * * LOW HITPOINT WARNING * * *
The arrow burns you.
You are more poisoned.
You die...

......... ..............
......††# ..............
......†.## #............
....!....##
##...........
........c.###
#.......#....
.....##...w.###
###.......#.# .....
#.......# ###....†##...
.... #.......#
#....†.†....# ...
#P.....@## ##...........
...
####§....###............
##.....###........^.#
##.....#...........#
#.#....#...........#
###................#
##...............#
#..#.............
#......).......


You could see Nessos (fast, extremely poisoned) and a torpor snail.

Vanquished Creatures
  Gastronok (Lair:1)
  A hydra (D:9)
  Pikel (D:9)
  A wizard (D:9)
  An ugly thing (D:9)
  A cyclops (D:9)
  5 elephants (Lair:1)
  Maurice (D:8)
  2 merfolk sirens (Lair:2)
  A black mamba (Lair:1)
  6 cane toads
  A rime drake (Lair:2)
  An efreet (D:9)
  7 komodo dragons
  A hornet (D:8)
  A polar bear (Lair:2)
  Prince Ribbit (D:8)
  6 dream sheep (Lair:3)
  2 wyverns
  44 yaks
  4 basilisks
  Menkaure (D:5)
  An acid dragon (D:8)
  7 water moccasins
  3 orc warriors
  2 black bears
  2 ogres
  2 wolves (Lair:1)
  3 centaurs
  A lemure (D:9)
  9 bullfrogs
  2 scorpions
  A gnoll sergeant (D:6)
  8 wights
  12 killer bees
  6 electric eels (Lair:1)
  2 howler monkeys
  4 jellies
  7 orc priests
  A gnoll bouda (D:5)
  A hound (D:6)
  Ijyb (D:4)
  5 iguanas
  A sleepcap (D:7)
  Natasha (D:2)
  9 orc wizards
  Robin (D:2)
  9 gnolls
  5 adders
  4 white imps
  A worm (D:2)
  2 dart slugs
  40 orcs
  10 endoplasms
  6 giant cockroaches
  20 goblins
  5 hobgoblins
  3 quokkas
  7 ball pythons
  8 bats
  4 frilled lizards
  8 kobolds
  6 rats
320 creatures vanquished.

Vanquished Creatures (collateral kills)
  A death knight (D:9)
  A skyshark (Lair:2)
  An ugly thing (D:9)
  2 merfolk (Lair:2)
5 creatures vanquished.

Vanquished Creatures (others)
  A manticore (D:9)
1 creature vanquished.

Grand Total: 326 creatures vanquished

Notes
Turn   | Place    | Note
-------+----------+-------------------------------------------
     0 | D:1      | Joey1 the Minotaur Berserker began the quest for the Orb.
     0 | D:1      | Reached XP level 1. HP: 19/19 MP: 0/0
   158 | D:1      | Reached XP level 2. HP: 21/27 MP: 1/1
   471 | D:1      | Reached ** piety under Trog
   530 | D:1      | Reached skill level 4 in Axes
   598 | D:1      | Reached XP level 3. HP: 29/33 MP: 2/2
  1046 | D:2      | Noticed Robin
  1060 | D:2      | Killed Robin
  1061 | D:2      | Reached XP level 4. HP: 41/41 MP: 3/3
  1498 | D:2      | Noticed Natasha
  1505 | D:2      | Killed Natasha
  1506 | D:2      | Reached XP level 5. HP: 37/47 MP: 4/4
  1771 | D:3      | Reached *** piety under Trog
  2232 | D:4      | Reached skill level 5 in Fighting
  2252 | D:4      | Noticed Ijyb
  2258 | D:4      | Killed Ijyb
  2259 | D:4      | Reached skill level 5 in Axes
  2556 | D:4      | Found a runed translucent door.
  2557 | D:4      | Noticed Crazy Yiuf
  2716 | D:5      | Entered Level 5 of the Dungeon
  2790 | D:5      | Noticed an ogre
  2794 | D:5      | Reached XP level 6. HP: 54/56 MP: 5/5
  2850 | D:5      | Noticed a water moccasin
  2857 | D:5      | Killed a water moccasin
  2858 | D:5      | Reached skill level 6 in Axes
  2858 | D:5      | Reached skill level 5 in Dodging
  2974 | D:5      | Reached skill level 7 in Axes
  2974 | D:5      | Reached XP level 7. HP: 26/61 MP: 6/6
  3411 | D:5      | Noticed Menkaure
  3438 | D:5      | Killed Menkaure
  3439 | D:5      | Reached skill level 8 in Axes
  3910 | D:5      | Found a staircase to the Ecumenical Temple.
  4176 | D:6      | Reached skill level 9 in Axes
  4222 | D:6      | Identified the +0 leather armour "Ypev" {Will+}
  4300 | D:6      | Reached XP level 8. HP: 35/68 MP: 7/7
  4470 | D:6      | Reached **** piety under Trog
  4502 | D:6      | Reached skill level 10 in Axes
  4968 | D:6      | Reached skill level 11 in Axes
  5005 | D:6      | Found a runed translucent door.
  5069 | D:6      | Identified the +0 pair of boots of an ossuary {rF+ Regen+}
  5357 | D:6      | Reached skill level 12 in Axes
  5539 | D:7      | Reached XP level 9. HP: 74/74 MP: 8/8
  5640 | D:7      | Reached skill level 13 in Axes
  5642 | D:7      | Found Omixt's Self-Published Books.
  5871 | D:7      | Reached ***** piety under Trog
  6471 | D:8      | Reached skill level 14 in Axes
  6628 | D:8      | Noticed Prince Ribbit
  6644 | D:8      | Killed Prince Ribbit
  6763 | D:8      | Paralysed by a hornet for 1 turns
  6848 | D:8      | Reached XP level 10. HP: 72/91 MP: 9/9
  6857 | D:8      | Reached skill level 10 in Fighting
  6945 | D:8      | Found Jeuboh's Jewellery Boutique.
  6968 | D:8      | Noticed Maurice
  6968 | D:8      | Paralysed by Maurice for 5 turns
  6989 | D:8      | Killed Maurice
  7343 | D:9      | Found Gexziafa's Hydra Hut.
  7345 | D:9      | Noticed an eight-headed hydra
  7348 | D:9      | Bought a +2 war axe of flaming for 256 gold pieces
  7371 | D:9      | Reached skill level 5 in Armour
  7427 | D:9      | Noticed a cyclops
  7436 | D:9      | Killed a cyclops
  7490 | D:9      | Noticed Pikel
  7500 | D:9      | Killed Pikel
  7603 | D:9      | Found a runed translucent door.
  7603 | D:9      | Found a runed translucent door.
  7603 | D:9      | Noticed a brown ugly thing
  7622 | D:9      | Found a staircase to the Lair.
  7652 | D:9      | Found a runed translucent door.
  7653 | D:9      | Noticed a centaur warrior
  7653 | D:9      | Noticed a rakshasa
  7653 | D:9      | Noticed a two-headed ogre
  7661 | D:9      | Found a sacrificial altar of Ru.
  7678 | D:9      | Found Ihieth's Book Emporium.
  7768 | D:9      | Killed a manticore
  7791 | D:9      | Noticed a wizard
  7804 | D:9      | Killed a wizard
  7813 | D:9      | Noticed an eight-headed hydra
  7825 | D:9      | Killed a three-headed hydra
  7826 | D:9      | Reached skill level 15 in Axes
  7862 | D:9      | Noticed a white ugly thing
  7872 | D:9      | Killed a white ugly thing
  7873 | D:9      | Reached XP level 11. HP: 99/99 MP: 10/10
  7885 | D:9      | Noticed a death knight
  7908 | D:9      | Killed a death knight
  7938 | D:9      | Killed a brown ugly thing
  7990 | Lair:1   | Entered Level 1 of the Lair of Beasts
  8022 | Lair:1   | Reached skill level 16 in Axes
  8364 | Lair:1   | Reached skill level 17 in Axes
  8442 | Lair:1   | Reached XP level 12. HP: 103/113 MP: 11/11
  8442 | Lair:1   | Received a gift from Trog
  8573 | Lair:1   | Noticed Gastronok
  8581 | Lair:1   | Killed Gastronok
  9069 | Lair:2   | Reached skill level 18 in Axes
  9135 | Lair:2   | Identified the +0 long sword of the Iron City of Dis
                  | {freeze, rF++ Dex+2}
  9294 | Lair:2   | Found a staircase to the Shoals.
  9520 | Lair:2   | Reached skill level 15 in Fighting
  9920 | Lair:3   | Noticed Nessos
  9946 | Lair:3   | HP: 2/124 [Nessos/arrow (8)]
  9947 | Lair:3   | Shot with an arrow by Nessos

Illustrated notes

Levels and vault maps discovered:
D:1:      ldierk_walled_garden_2, layout_basic, st_stairs_13
D:2:      layout_basic, uniq_robin, uniq_natasha
D:3:      layout_rooms
D:4:      layout_rooms, uniq_crazy_yiuf_cottage, uniq_ijyb
D:5:      layout_loops_corners, minmay_temple_entry_gardened_gates,
          nicolae_houndstooth_variations, uniq_menkaure
D:6:      layout_rooms, st_stairs_7, lightli_church_of_beogh
D:7:      layout_gridville, nicolae_custom_books
D:8:      layout_basic, serial_shops, nicolae_shop_pleasant_corner_grove,
          kennysheep_generic_room_15, uniq_maurice, uniq_prince_ribbit1
D:9:      minmay_the_grid_four_pointed_star
          [minmay_the_grid_triangle_9x9_fully_insulated_deathbox,
          minmay_the_grid_triangle_9x9_odd_lines,
          minmay_the_grid_triangle_9x9_intruding_spiral,
          minmay_the_grid_triangle_9x9_tough_junction,
          minmay_the_grid_prize_shrinking_boxes], layout_rooms,
          nicolae_ru_path_of_blood, lair_entry_dummy, serial_shops, shop,
          doesnt_shop_hydraphobe, uniq_pikel
Lair:1:   layout_roguey, serial_bayou, serial_bayou_lake_a,
          serial_bayou_lagoon_a, serial_bayou_shore_b, serial_bayou_ford_a,
          serial_bayou_pond_a, serial_bayou_pond_b, infiniplex_staircase_pool,
          uniq_gastronok
Lair:2:   layout_concentric_octagons, elwin_shoals_entry_stream
Lair:3:   layout_hall_layers, guppyfry_snake_entry_island, uniq_nessos

Skill      XL: |  1  2  3  4  5  6  7  8  9 10 11 12 |
---------------+-------------------------------------+-----
Axes           | 4 5 7 9 12 14 15 17 18 | 18.0
Fighting       | 4 5 9 10 12 16 | 16.7
Armour         | 3 4 7 |  7.0
Dodging        | 3 4 5 7 |  7.0

Action                     |  1- 3 |  4- 6 |  7- 9 | 10-12 || total
---------------------------+-------+-------+-------+-------++-------
  Melee: Hand axe          |    72 |   112 |   370 |    30 ||   584
         Headbutt          |    12 |    20 |    76 |    81 ||   189
         Punch             |       |     1 |     5 |     4 ||    10
         War axe           |       |       |       |   350 ||   350
 Invoke: Berserk           |     2 |     1 |     3 |     4 ||    10
         Trog's Hand       |       |       |     2 |     3 ||     5
         Brothers in Arms  |       |       |       |     4 ||     4
    Use: Scroll            |       |       |     6 |       ||     6
         Potion            |       |       |       |     3 ||     3
 Armour: Animal skin       |     7 |       |       |       ||     7
         Leather armour    |     4 |       |       |       ||     4
         Ring mail         |    27 |    17 |       |       ||    44
         Scale mail        |       |    40 |    17 |       ||    57
         Chain mail        |       |       |   100 |       ||   100
         Plate armour      |       |       |   117 |   213 ||   330
  Dodge: Dodged            |    40 |    51 |   129 |   166 ||   386
  Block: Other             |    15 |    25 |    65 |    62 ||   167
         Reflection        |     2 |     1 |     3 |     7 ||    13

Table legend: (Time is in decaauts)
 A = Elapsed time spent in this place.
 B = Non-inter-level travel time spent in this place.
 C = Inter-level travel time spent in this place.
 D = Time resting spent in this place.
 E = Time spent auto-exploring this place.
 F = Levels seen in this place.
 G = Mean time per level.
                   A        B        C        D        E       F      G
               +--------+--------+--------+--------+--------+-----+--------+
         Total |   9911 |   9575 |    336 |   1023 |   6510 |  12 |  825.9 |
       Dungeon |   7978 |   7711 |    267 |    848 |   5343 |   9 |  886.4 |
          Lair |   1932 |   1863 |     69 |    175 |   1167 |   3 |  644.0 |
               +--------+--------+--------+--------+--------+-----+--------+

Top non-repeatable levels by time:
     D:5: 1440 daAuts
     D:6: 1311 daAuts
  Lair:1: 1060 daAuts
     D:1: 931 daAuts
     D:7: 926 daAuts
     D:8: 859 daAuts
     D:2: 755 daAuts
  Lair:2: 737 daAuts
     D:9: 675 daAuts
     D:4: 630 daAuts
     D:3: 448 daAuts
  Lair:3: 134 daAuts
